 Dungeon Crawl Stone Soup version 0.30-a0-879-ga8ba668304 (webtiles) character file.

Game seed: 14772844868002222231

13652 jimonade the Thaumaturge (level 12, -7/85 HPs)
             Began as a Djinni Warper on Mar 12, 2023.
             Was a High Priest of Okawaru.
             Killed from afar by Jorgrun (53 damage)
             ... with an iron shot
             ... on level 12 of the Dungeon on Mar 14, 2023.
             The game lasted 00:54:03 (13023 turns).

jimonade the Thaumaturge (Djinni Warper)           Turns: 13023, Time: 00:54:04

Health: -7/85      AC: 10    Str: 20    XL:     12   Next: 35%
Gold:   843        EV: 19    Int: 15    God:    Okawaru [*****.] SH:  0 Dex: 14

rFire   + + .      SeeInvis +    a - +9 trident of Internal Strife {protect, *Noise Str+6 SInv}
rCold   . . .      Faith    .    (no shield)
rNeg    . . .      Spirit   .    l - +0 troll leather armour
rPois   ∞          Reflect  .    m - +1 helmet
rElec   .          Rampage  .    (no cloak)
rCorr   .                        h - +1 pair of gloves
Will    +....                    (boots unavailable)
Stlth   +                        Z - amulet of regeneration
HPRegen 1.94/turn                E - +5 ring of evasion
MPRegen 0.00/turn                R - ring of protection from cold

@: flying
A: sickness immunity, fire resistance 2, cold vulnerability 1, float, innate
caster, HP casting, extra vitality 1
a: Renounce Religion, Heroism, Finesse, Duel


You were on level 12 of the Dungeon.
You worshipped Okawaru.
Okawaru was extremely pleased with you.
You visited 2 branches of the dungeon, and saw 13 of its levels.

You collected 843 gold pieces.

Inventory:

Hand Weapons
 a - the +9 trident of Internal Strife (weapon) {protect, *Noise Str+6 SInv}
   (You found it on level 7 of the Dungeon)

   Str:       It affects your strength (+6).
   SInv:      It lets you see invisible.
   *Noise:    It may make noises in combat.
 c - a +1 dagger of venom
 e - a +1 arbalest of electrocution
 k - a +3 great sword
 I - a +4 trident
 P - the +7 whip of the Glamorous God {speed, Will+}
   (You found it on level 5 of the Dungeon)

   Will:      It increases your willpower.
 S - a +0 dire flail
Missiles
 d - 13 boomerangs of dispersal
 f - 16 poisoned darts
 y - 2 datura-tipped darts
 U - 5 curare-tipped darts
 Y - 3 throwing nets
Armour
 h - a +1 pair of gloves (worn)
 i - a +3 ring mail
 l - a +0 troll leather armour (worn)
 m - a +1 helmet (worn)
 r - a +0 kite shield
Magical Staves
 b - a staff of conjuration
 G - a staff of poison
Jewellery
 E - a +5 ring of evasion (left hand)
 K - a ring of ice
 R - a ring of protection from cold (right hand)
 Z - an amulet of regeneration (around neck)
Wands
 q - a wand of iceblast (4)
 w - a wand of mindburst (8)
 A - a wand of digging (5)
 M - a wand of quicksilver (17)
 Q - a wand of polymorph (11)
Scrolls
 g - a scroll of silence {unknown}
 j - 5 scrolls of teleportation
 n - 3 scrolls of magic mapping
 t - 2 scrolls of fog
 B - 2 scrolls of enchant armour
 C - 3 scrolls of enchant weapon
 D - 2 scrolls of poison
 F - a scroll of fear {unknown}
 J - 2 scrolls of brand weapon {unknown}
 N - a scroll of immolation {unknown}
 V - a scroll of torment {unknown}
 X - 2 scrolls of blinking
Potions
 o - 3 potions of mutation
 p - 4 potions of heal wounds
 s - a potion of haste
 u - a potion of attraction
 v - 6 potions of curing
 x - a potion of ambrosia
 z - 3 potions of cancellation
 H - a potion of lignification
 L - a potion of berserk rage
 O - a potion of might
 W - 3 potions of brilliance
Miscellaneous
 T - a lightning rod (4/4)


   Skills:
 + Level 7.0 Fighting
 - Level 1.5 Polearms
 - Level 0.7 Throwing
 + Level 7.5 Armour
 + Level 5.5 Dodging
 + Level 11.6 Spellcasting
 * Level 5.3 Invocations


You knew the following spells:

 Your Spells              Type           Power      Damage    Failure   Level
a - Blink                 Tloc           86%        N/A       1%          2
b - Lesser Beckoning      Tloc           86%        N/A       1%          2
c - Vhi's Electric Charg  Tloc/Air       86%        N/A       1%          3
d - Teleport Other        Tloc           43%        N/A       1%          3
e - Manifold Assault      Tloc           43%        N/A       1%          4
f - Necrotise             Necr           100%       1d9       1%          1
g - Searing Ray           Conj           86%        2d7       1%          2
h - Momentum Strike       Conj/Tloc      86%        3d10      1%          2
i - Inner Flame           Hex/Fire       43%        N/A       1%          3
j - Alistair's Intoxicat  Tmut/Pois      28%        N/A       2%          5
Your spell library was empty.

Dungeon Overview and Level Annotations

Branches:
Dungeon (12/15)            Temple (1/1) D:7            Lair (0/5) D:9
    Orc: D:9-12

Altars:
Ashenzari
Cheibriados
Dithmenos
Elyvilon
Fedhas
Gozag
Hepliaklqana
Makhleb
Nemelex Xobeh
Okawaru
Qazlal
Ru
Trog
Uskayaw
Wu Jian
Xom
Yredelemnul
Zin
The Shining One

Shops:
D:3 :   D:10 *   D:12 (

Annotations:
D:6 3 runed translucent doors, bobarctor's ghost, novice DENe
D:7 5 runed translucent doors
D:12 Jorgrun


Innate Abilities, Weirdness & Mutations

You are immune to sickness and miasma.
You are immune to poison.
Your flesh is very heat resistant. (rF++)
You are vulnerable to cold. (rC-)
You float through the air rather than walking.
You learn spells naturally, not from books.
Your magical power is your life essence.
You have superior vitality. (+4 MHP)


Message History

Okay, then.
Unknown command.
Unknown command.
Jorgrun points at you and mumbles some strange words.
Roots burst forth from the earth!
The grasping roots grab you! The grasping roots constrict you!
Casting: Inner Flame (safe; 1% risk of failure)
Confirm with . or Enter, or press ? or * to list all spells.
The roots grasp on you weakens, but your attempt to escape fails.
The grasping roots constrict you.
You escape the roots grasp.
Jorgrun points at you and mumbles some strange words.
You are slowing down.
You feel stable enough to blink again.
Your limbs are stiffening.
Jorgrun gestures at you while chanting. You resist with significant effort.
You have turned to stone.
Jorgrun casts a spell at you. The iron shot hits you!!
Jorgrun gestures at you while chanting. The iron shot hits you!!!
Jorgrun hits you with a +0 heavy quarterstaff!
You turn to flesh and can move again.
Casting: Blink (safe; 1% risk of failure)
Confirm with . or Enter, or press ? or * to list all spells.
You blink.
Jorgrun casts a spell at the rock wall.
You hear a grinding noise.
You feel stable enough to blink again.
Some rock shatters into small pieces.
Jorgrun gestures next to you while chanting.
Some rock shatters into small pieces.
Jorgrun hits you with a +0 heavy quarterstaff!
Jorgrun attacks as you move away!
Jorgrun hits you with a +0 heavy quarterstaff.
Jorgrun casts a spell at you. The iron shot hits you!!!
Ouch! That really hurt!
You die...

## ## ########## ####.# .#
#8....##.# #.#.# . .# #........#
#..# .. .# #..<.....# ##.# ... .#
#........## ##..###### ...) .#
#....∩....###........# .....
†######.......[##.#g.######......
............>...@..............!.
.#########.....#####..########.##
[# #....8# #.#.# .# #..####
#.##.# .# ##.# #.# #.# .# #.# #.#
#.# .. ... ..# ## .# # #.# .#


You could see Jorgrun.

Vanquished Creatures
  Harold (D:10)
  5 two-headed ogres
  A deep elf pyromancer (D:11)
  A gargoyle (D:12)
  Psyche (D:11)
  A troll (D:12)
  2 shadows (D:11)
  A vampire (D:12)
  Sigmund (D:6)
  21 yaks
  A wyvern (D:10)
  4 vampire mosquitoes
  Edmund (D:5)
  2 acid dragons
  2 water moccasins
  A swamp drake (D:11)
  3 orc warriors
  3 ice beasts
  6 centaurs
  3 phantoms
  2 kobold brigands
  3 bullfrogs
  Blork the orc (D:11)
  2 gnoll sergeants
  3 scorpions
  3 wights
  9 killer bees
  5 howler monkeys
  A crimson imp (D:11)
  2 hounds
  2 jellies (D:5)
  8 orc priests
  An iron imp (D:11)
  3 iguanas
  9 orc wizards
  7 gnolls
  8 adders
  A shadow imp (D:11)
  3 white imps
  An ufetubus (D:6)
  13 worms
  4 dart slugs
  28 orcs
  9 bats
  6 endoplasms
  5 giant cockroaches
  9 goblins
  7 hobgoblins
  11 kobolds
  3 quokkas
  9 ball pythons
  2 frilled lizards (D:2)
  8 rats
249 creatures vanquished.

Vanquished Creatures (others)
  A deep elf pyromancer (D:11)
  An orc (D:11)
  4 fungi (D:9)
  2 plants (D:9)
8 creatures vanquished.

Grand Total: 257 creatures vanquished

Notes
Turn   | Place    | Note
-------+----------+-------------------------------------------
     0 | D:1      | jimonade the Djinni Warper began the quest for the Orb.
     0 | D:1      | jimonade set off with the following spells memorised:
                  | Blink, Lesser Beckoning, Vhi's Electric Charge, Teleport
                  | Other, Manifold Assault.
     0 | D:1      | Reached XP level 1. HP: 18/18 MP: 0/0
   330 | D:1      | Reached XP level 2. HP: 21/23 MP: 0/0
   464 | D:1      | Reached skill level 3 in Spellcasting
   527 | D:1      | Reached XP level 3. HP: 27/28 MP: 0/0
   527 | D:1      | Learned a level 1 spell: Necrotise
  1092 | D:2      | Reached XP level 4. HP: 27/33 MP: 0/0
  1652 | D:3      | Found Nyruig's Book Shoppe.
  1746 | D:3      | Reached skill level 4 in Spellcasting
  2152 | D:3      | Reached XP level 5. HP: 38/38 MP: 0/0
  2152 | D:3      | Learned a level 2 spell: Searing Ray
  2461 | D:4      | Reached skill level 5 in Spellcasting
  2461 | D:4      | Reached XP level 6. HP: 39/43 MP: 0/0
  3403 | D:5      | Entered Level 5 of the Dungeon
  3422 | D:5      | Noticed Edmund
  3436 | D:5      | Killed Edmund
  3437 | D:5      | Reached XP level 7. HP: 31/49 MP: 0/0
  3437 | D:5      | Learned a level 2 spell: Momentum Strike
  3616 | D:5      | Reached skill level 6 in Spellcasting
  3949 | D:5      | Identified the +7 whip of the Glamorous God {speed, Will+}
  4498 | D:6      | You are sucked into a shaft and drop 2 floors!
  4530 | D:5      | Reached XP level 8. HP: 50/54 MP: 0/0
  4542 | D:5      | Reached skill level 7 in Spellcasting
  4753 | D:6      | Found a broken altar of Ashenzari.
  4759 | D:6      | Found an opulent altar of Gozag.
  4759 | D:6      | Found a shimmering altar of Xom.
  4916 | D:6      | Found a runed translucent gate.
  4917 | D:6      | Noticed bobarctor's ghost (novice DENe)
  4918 | D:6      | Found a runed translucent gate.
  4919 | D:6      | Found a runed translucent gate.
  5120 | D:6      | Reached skill level 8 in Spellcasting
  5186 | D:6      | Noticed Sigmund
  5515 | D:6      | Reached XP level 9. HP: 46/58 MP: 0/0
  5515 | D:6      | Learned a level 3 spell: Inner Flame
  5623 | D:6      | Found a sacrificial altar of Ru.
  5629 | D:6      | Found a bloodstained altar of Trog.
  5686 | D:6      | Killed Sigmund
  6054 | D:7      | Reached skill level 9 in Spellcasting
  6063 | D:7      | Found a staircase to the Ecumenical Temple.
  6086 | Temple   | Entered the Ecumenical Temple
  6217 | D:7      | Found the +9 staff of Olgreb {rPois∞}
  6366 | D:7      | Found a runed translucent gate.
  6366 | D:7      | Found a runed translucent gate.
  6367 | D:7      | Found a runed translucent door.
  6379 | D:7      | Found a runed translucent gate.
  6388 | D:7      | Found a runed translucent door.
  6388 | D:7      | Identified the +9 trident of Internal Strife {protect,
                  | *Noise Str+6 SInv}
  7149 | D:8      | Reached skill level 10 in Spellcasting
  7687 | D:8      | Reached XP level 10. HP: 38/67 MP: 0/0
  8049 | D:9      | Noticed a two-headed ogre
  8056 | D:9      | Killed a two-headed ogre
  8362 | D:9      | Reached skill level 5 in Armour
  8415 | D:9      | Reached skill level 5 in Fighting
  8625 | D:9      | Found a staircase to the Lair.
  8883 | D:9      | Found an iron altar of Okawaru.
  8941 | D:9      | Became a worshipper of Warmaster Okawaru
  9485 | D:10     | Entered Level 10 of the Dungeon
  9522 | D:10     | Reached skill level 1 in Invocations
  9544 | D:10     | Reached * piety under Okawaru
  9545 | D:10     | Reached XP level 11. HP: 38/76 MP: 0/0
  9545 | D:10     | Learned a level 5 spell: Alistair's Intoxication
  9637 | D:10     | Found Akhloducs's Lightly-Used Armoury.
  9685 | D:10     | Noticed Harold
  9697 | D:10     | Killed Harold
 10102 | D:10     | Noticed a two-headed ogre
 10117 | D:10     | Killed a two-headed ogre
 10117 | D:10     | Reached ** piety under Okawaru
 10118 | D:10     | Reached skill level 5 in Dodging
 10334 | D:11     | Noticed a two-headed ogre
 10343 | D:11     | Killed a two-headed ogre
 10394 | D:11     | Noticed Psyche
 10401 | D:11     | Killed Psyche
 10472 | D:11     | Reached *** piety under Okawaru
 11291 | D:11     | Noticed a two-headed ogre
 11306 | D:11     | Noticed Blork the orc
 11307 | D:11     | Killed a two-headed ogre
 11307 | D:11     | Reached **** piety under Okawaru
 11310 | D:11     | Killed Blork the orc
 11425 | D:11     | Noticed a deep elf pyromancer
 11479 | D:11     | Killed a deep elf pyromancer
 11480 | D:11     | Reached skill level 11 in Spellcasting
 11550 | D:11     | Noticed a deep elf pyromancer
 11557 | D:11     | Killed a deep elf pyromancer
 11558 | D:11     | Reached XP level 12. HP: 84/84 MP: 0/0
 12047 | D:12     | Reached ***** piety under Okawaru
 12617 | D:12     | Reached skill level 5 in Invocations
 12683 | D:12     | Noticed a two-headed ogre
 12700 | D:12     | Killed a two-headed ogre
 12887 | D:12     | Found Faovurar's Weapon Shop.
 12910 | D:12     | Received a gift from Okawaru
 12993 | D:12     | Noticed Jorgrun
 13023 | D:12     | Killed from afar by Jorgrun

Illustrated notes

Levels and vault maps discovered:
D:1:      dpeg_arrival_snail, layout_basic
D:2:      layout_basic, chequers_serial_rivers_large_a
D:3:      layout_basic, serial_shops, nicolae_shop_waterfront, dk_noncrumbling_4
D:4:      mumra_celtic_spiral_tile, layout_basic
D:5:      layout_basic, minmay_strange_pillars, nicolae_wormholes, uniq_edmund
D:6:      layout_cave_pools, grunt_temple_overflow_open,
          minmay_overflow_temple_star_quad, ebering_ghost_rock_garden,
          uniq_sigmund
D:7:      layout_rooms, minmay_temple_entry_overgrown,
          minmay_guarded_unrand_staff_of_olgreb
D:8:      layout_loops_ring
D:9:      layout_gridville, okawaru_gym_becter, dpeg_oklobed_lair
D:10:     nicolae_cairo_tiling_large_dashed, layout_loops_ring,
          minmay_shop_damaged, uniq_harold
D:11:     layout_cave_pods, hangedman_minor_magic, uniq_psyche
D:12:     minmay_gate_of_8, layout_small_grid, erik_orc_3, serial_shops,
          nicolae_stop_n_shop_1, uniq_jorgrun, uniq_nessos, uniq_sonja,
          uniq_lodul
Temple:   regret_index_temple_waves

Skill      XL: |  1  2  3  4  5  6  7  8  9 10 11 12 |
---------------+-------------------------------------+-----
Spellcasting   | 3 4 5 6 8 10 11 | 11.6
Armour         | 2 6 7 |  7.5
Dodging        | 3 4 5 |  5.5
Fighting       | 3 6 7 |  7.0
Invocations    | 1 4 5 |  5.3
Polearms       | |  1.5
Throwing       | |  0.7

Action                     |  1- 3 |  4- 6 |  7- 9 | 10-12 || total
---------------------------+-------+-------+-------+-------++-------
  Melee: Short sword       |    66 |       |       |       ||    66
         Spear             |     6 |       |       |       ||     6
         Dagger            |    81 |   137 |       |       ||   218
         Punch             |       |     2 |       |     1 ||     3
         Trident           |       |    50 |    28 |   240 ||   318
         Staff             |       |     1 |     1 |       ||     2
         Whip              |       |       |    55 |       ||    55
   Cast: Searing Ray       |       |    16 |    55 |    18 ||    89
         Blink             |       |       |     4 |    32 ||    36
         Manifold Assault  |       |       |    19 |   113 ||   132
         Inner Flame       |       |       |    12 |    63 ||    75
         Necrotise         |       |       |     3 |       ||     3
         Momentum Strike   |       |       |       |     2 ||     2
         Vhi's Electric Ch |       |       |       |     2 ||     2
    Use: Scroll            |       |       |    14 |     7 ||    21
 Armour: Leather armour    |    46 |    16 |       |       ||    62
         Ring mail         |       |    52 |    42 |    62 ||   156
  Dodge: Dodged            |    70 |    80 |    58 |   107 ||   315

Table legend: (Time is in decaauts)
 A = Elapsed time spent in this place.
 B = Non-inter-level travel time spent in this place.
 C = Inter-level travel time spent in this place.
 D = Time resting spent in this place.
 E = Time spent auto-exploring this place.
 F = Levels seen in this place.
 G = Mean time per level.
                   A        B        C        D        E       F      G
               +--------+--------+--------+--------+--------+-----+--------+
         Total |  12992 |  12540 |    452 |   1814 |   5780 |  13 |  999.4 |
       Dungeon |  12886 |  12453 |    433 |   1814 |   5707 |  12 | 1073.8 |
        Temple |    105 |     86 |     19 |      0 |     73 |   1 |  105.0 |
               +--------+--------+--------+--------+--------+-----+--------+

Top non-repeatable levels by time:
    D:11: 1747 daAuts
     D:8: 1463 daAuts
     D:5: 1342 daAuts
     D:4: 1241 daAuts
     D:6: 1202 daAuts
     D:9: 1055 daAuts
    D:10: 941 daAuts
     D:7: 902 daAuts
    D:12: 838 daAuts
     D:2: 772 daAuts
     D:1: 710 daAuts
     D:3: 671 daAuts
  Temple: 105 daAuts
